 Dungeon Crawl Stone Soup version 0.31-a0-435-g2c6fae2916 (webtiles) character file.

Game seed: 2892543382390859550

1897 bmack86 the Cleaver (level 8, -9/64 HPs)
             Began as a Minotaur Fighter on Aug 1, 2023.
             Was a Follower of Okawaru.
             Mangled by a gnoll sergeant
             ... wielding a +5 spear of distortion
              (25 damage)
             ... on level 6 of the Dungeon.
             The game lasted 00:15:27 (5755 turns).

bmack86 the Cleaver (Minotaur Fighter)              Turns: 5755, Time: 00:15:28

Health: -9/64      AC: 11    Str: 23    XL:     8   Next: 93%
Magic:  7/7        EV:  8    Int:  5    God:    Okawaru [*.....]
Gold:   1451       SH:  4    Dex: 10    Spells: 7/7 levels left

rFire   . . .        a - +1 war axe (elec)
rCold   . . .        c - +0 buckler
rNeg    . . .        i - +0 chain mail
rPois   .            (helmet restricted)
rElec   .            t - +0 cloak
rCorr   .            v - +0 pair of gloves
SInv    .            (no boots)
Will    +....        (no amulet) Stlth
                     j - ring of willpower
HPRegen 0.30/turn    (no ring)
MPRegen 0.10/turn

%: no passive effects
@: mighty
A: horns 2, retaliatory headbutt
a: Renounce Religion, Heroism


You were on level 6 of the Dungeon.
You worshipped Okawaru.
Okawaru was aware of your devotion.
You visited 2 branches of the dungeon, and saw 7 of its levels.
You also visited: Sewer and Ossuary.

You collected 1990 gold pieces.
You spent 539 gold pieces at shops.

Inventory:

Hand Weapons
 a - a +1 war axe of electrocution (weapon)
Missiles
 p - a curare-tipped dart
Armour
 b - a +0 scale mail
 c - a +0 buckler (worn)
 i - a +0 chain mail (worn)
 t - a +0 cloak (worn)
 v - a +0 pair of gloves (worn)
Jewellery
 j - a ring of willpower (left hand)
Wands
 f - a wand of polymorph (7)
 z - a wand of roots (5)
Scrolls
 g - 3 scrolls of enchant weapon
 h - a scroll of teleportation
 n - a scroll of blinking
 o - 5 scrolls of butterflies
 u - a scroll of fog
 y - a scroll of enchant armour {unknown}
 A - a scroll of fear
 B - a scroll of brand weapon
Potions
 d - a potion of might
 e - 4 potions of curing
 k - a potion of magic
 l - a potion of enlightenment
 m - 2 potions of heal wounds
 q - a potion of haste
 r - a potion of invisibility
 s - 3 potions of resistance
 w - a potion of berserk rage
 x - a potion of experience {unknown}


   Skills:
 - Level 3.6 Fighting
 + Level 13.8 Axes
 - Level 3.6 Armour
 - Level 3.6 Shields


You had 7 spell levels left.
You didn't know any spells.
Your spell library contained the following spells:

 Spells                   Type           Power      Damage    Failure   Level
 Shock                    Conj/Air       0%         1d3       98%         1
 Swiftness                Air            0%         N/A       100%        3
 Airstrike                Air            0%         2d(0-16)  100%        4


Dungeon Overview and Level Annotations

Branches:
Dungeon (6/15)             Temple (1/1) D:4           Sewer (visited)
Ossuary (visited)

Altars:
Ashenzari
Cheibriados
Dithmenos
Fedhas
Gozag
Hepliaklqana
Kikubaaqudgha
Makhleb
Nemelex Xobeh
Okawaru
Ru
Sif Muna
Trog
Uskayaw
Vehumet
Wu Jian
Xom
Yredelemnul

Shops:
D:1 *


Innate Abilities, Weirdness & Mutations

You have a pair of horns on your head.
You reflexively headbutt those who attack you in melee.


Message History

A gnoll comes into view. It is wielding a +0 whip.
The yak gores you.
You barely miss the yak.
The gnoll shouts!
You headbutt the yak.
The yak is heavily wounded.
A gnoll comes into view. It is wielding a +1 whip of flaming.
The yak gores you!
You slash the yak!
You kill the yak!
Okawaru accepts your kill.
You feel very mighty all of a sudden. The gnoll hits you with a +0 flail.
You block the gnoll sergeant's attack.
You slice the gnoll!! Lightning courses through the gnoll!
You kill the gnoll!
Okawaru accepts your kill.
You closely miss the gnoll sergeant.
The gnoll sergeant hits you but does no damage.
Space warps around you!
You slash the gnoll sergeant!
Your headbutt misses the gnoll sergeant.
The gnoll sergeant is severely wounded.
The gnoll sergeant blocks your attack.
Your headbutt misses the gnoll sergeant.
The gnoll sergeant is severely wounded.
You barely miss the gnoll. The gnoll barely misses you.
A gnoll comes into view. It is wielding a +0 flail.
The gnoll sergeant hits you with a +5 spear of distortion.
* * * LOW HITPOINT WARNING * * *
You hit the gnoll sergeant.
Your headbutt misses the gnoll sergeant.
The gnoll sergeant is severely wounded.
You slash the gnoll! Lightning courses through the gnoll!!
You kill the gnoll!
Okawaru accepts your kill.
You slash the gnoll! The gnoll hits you with a +0 whip.
* * * LOW HITPOINT WARNING * * *
The gnoll sergeant hits you but does no damage.
Space warps horribly around you!!
You die...

###... ..... #..># ..
#.... .!. #..g#
...##...#
...)..)g#### #
#..g@...#.#
#...†##.#.##
#...........
#..#.##.#.##
#.......#############
#.##.#...#~~~#~~~~~~~
#........###~~#######
####.#....##~~~~~####
.....#....######~~~~~


You could see a gnoll sergeant and 2 gnolls.

Vanquished Creatures
  3 yaks (D:6)
  2 ice beasts
  5 kobold brigands (Sewer)
  A scorpion (D:5)
  3 centaur zombies (Ossuary)
  4 orc priests
  2 hounds
  2 iguanas
  6 orc wizards
  6 mummies
  Robin (D:2)
  5 gnolls
  10 adders
  3 river rats (Sewer)
  A white imp (D:6)
  An ufetubus (D:4)
  2 worms
  22 orcs
  2 endoplasms (D:4)
  3 giant cockroaches
  15 goblins
  5 hobgoblins
  16 jackals
  2 quokkas
  6 ball pythons
  A ball python zombie (D:3)
  3 bats
  7 frilled lizards
  6 hobgoblin zombies (Ossuary)
  10 kobolds
  3 kobold zombies (D:6)
  An orc zombie (D:6)
  2 quokka zombies (D:3)
  5 rats
166 creatures vanquished.

Notes
Turn   | Place    | Note
-------+----------+-------------------------------------------
     0 | D:1      | bmack86 the Minotaur Fighter began the quest for the Orb.
     0 | D:1      | Reached XP level 1. HP: 19/19 MP: 0/0
    93 | D:1      | Found a faded altar of an unknown god.
   117 | D:1      | Reached skill level 3 in Axes
   118 | D:1      | Found Epnumumm's General Store.
   166 | D:1      | Reached XP level 2. HP: 26/26 MP: 1/1
   891 | D:2      | Reached skill level 4 in Axes
   891 | D:2      | Reached XP level 3. HP: 30/31 MP: 2/2
   903 | D:2      | Noticed Robin
   913 | D:2      | Killed Robin
   943 | D:2      | Reached skill level 5 in Axes
  1774 | D:3      | Reached XP level 4. HP: 39/39 MP: 3/3
  1778 | D:3      | Noticed an ice beast
  1782 | D:3      | Found a glowing drain.
  1791 | Sewer    | Entered a sewer
  1795 | Sewer    | Noticed a kobold brigand
  1815 | Sewer    | Killed a kobold brigand
  1816 | Sewer    | Reached skill level 6 in Axes
  1816 | Sewer    | Reached XP level 5. HP: 17/45 MP: 4/4
  1939 | Sewer    | Reached skill level 7 in Axes
  2012 | Sewer    | Reached XP level 6. HP: 46/51 MP: 5/5
  2017 | Sewer    | Reached skill level 8 in Axes
  2369 | Sewer    | Reached skill level 9 in Axes
  2646 | D:3      | Killed an ice beast
  2647 | D:3      | Reached XP level 7. HP: 25/57 MP: 6/6
  2806 | D:3      | Found a basalt altar of Yredelemnul.
  3485 | D:4      | Reached skill level 10 in Axes
  3594 | D:4      | Identified the +6 long sword of Hirher {freeze, *Rage Fly
                  | Dex+3}
  3623 | D:4      | Found a staircase to the Ecumenical Temple.
  3633 | Temple   | Entered the Ecumenical Temple
  3644 | Temple   | Became a worshipper of Warmaster Okawaru
  3794 | D:4      | Identified 2 scrolls of acquirement
  3794 | D:4      | Acquired 819 gold pieces
  3796 | D:4      | Acquired 915 gold pieces
  4087 | D:4      | Found a snail-covered altar of Cheibriados.
  4261 | D:1      | Bought a scroll of identify for 28 gold pieces
  4261 | D:1      | Bought 2 scrolls of identify for 56 gold pieces
  4261 | D:1      | Bought a ring of willpower for 350 gold pieces
  4261 | D:1      | Bought a scroll of blinking for 105 gold pieces
  4335 | D:5      | Entered Level 5 of the Dungeon
  4471 | D:5      | Reached skill level 11 in Axes
  4612 | D:5      | Reached XP level 8. HP: 59/64 MP: 7/7
  4881 | D:5      | Found a sand-covered staircase.
  4890 | Ossuary  | Entered an ossuary
  4913 | Ossuary  | Reached skill level 12 in Axes
  4937 | Ossuary  | Reached * piety under Okawaru
  5740 | D:6      | Reached skill level 13 in Axes
  5755 | D:6      | Mangled by a gnoll sergeant

Illustrated notes

Levels and vault maps discovered:
D:1:      minmay_arrival_jagged, layout_loops_corners, serial_glass,
          glass_columns_c, glass_columns_a, serial_shops, shop,
          ebering_ecumenical_altar_box, minmay_misc_feat_pillars, minivault_26,
          serial_bayou_lagoon_b
D:2:      layout_loops_cross, uniq_robin
D:3:      layout_basic, nicolae_yredelemnul_corpse_copse, portal_sewer_entry_d
D:4:      layout_basic, slow_altar_1, minmay_temple_entry_butterflies
D:5:      layout_loops_ring, lightli_ossuary_entry_decrepit_ruins
D:6:      layout_basic, chequers_serial_rivers_large_b, dk_noncrumbling_2,
          minmay_mini_ossuary, uniq_prince_ribbit1
Temple:   eino_temple_rhombus

Skill      XL: |  1  2  3  4  5  6  7  8 |
---------------+-------------------------+-----
Axes           | 3 4 5 6 7 9 11 13 | 13.8
Fighting       | |  3.6
Armour         | |  3.6
Shields        | |  3.6

Action                     |  1- 3 |  4- 6 |  7- 9 || total
---------------------------+-------+-------+-------++-------
  Melee: War axe           |    71 |    95 |   175 ||   341
         Headbutt          |     7 |    26 |    20 ||    53
    Use: Scroll            |     7 |       |    14 ||    21
         Potion            |       |       |     2 ||     2
 Armour: Scale mail        |    12 |       |       ||    12
         Chain mail        |    45 |    37 |   102 ||   184
  Dodge: Dodged            |    37 |    39 |    52 ||   128
  Block: Buckler           |    25 |    18 |    38 ||    81

Table legend: (Time is in decaauts)
 A = Elapsed time spent in this place.
 B = Non-inter-level travel time spent in this place.
 C = Inter-level travel time spent in this place.
 D = Time resting spent in this place.
 E = Time spent auto-exploring this place.
 F = Levels seen in this place.
 G = Mean time per level.
                   A        B        C        D        E       F      G
               +--------+--------+--------+--------+--------+-----+--------+
         Total |   6009 |   5683 |    326 |    102 |   3575 |   9 |  667.7 |
       Dungeon |   4854 |   4548 |    306 |      0 |   3039 |   6 |  809.0 |
        Temple |     22 |      2 |     20 |      0 |      0 |   1 |   22.0 |
         Sewer |   1023 |   1023 |      0 |    102 |    536 |   1 | 1023.0 |
       Ossuary |    108 |    108 |      0 |      0 |      0 |   1 |  108.0 |
               +--------+--------+--------+--------+--------+-----+--------+

Top non-repeatable levels by time:
     D:3: 1179 daAuts
   Sewer: 1023 daAuts
     D:5: 924 daAuts
     D:1: 861 daAuts
     D:4: 789 daAuts
     D:2: 695 daAuts
     D:6: 404 daAuts
 Ossuary: 108 daAuts
  Temple: 22 daAuts
